 Dungeon Crawl Stone Soup version 0.16-a0-3695-ga3e2ed8 (webtiles) character file.

5759 Miyamura the Thaumaturge (level 10, -3/105 HPs)
             Began as a Purple Draconian Transmuter on Jan 18, 2015.
             Was the Champion of Cheibriados.
             Slain by a raiju (8 damage)
             ... on level 1 of the Abyss.
             The game lasted 00:51:16 (11993 turns).

Miyamura the Thaumaturge (DrTm)                    Turns: 11993, Time: 00:51:17

Health: -3/105     AC:  7    Str: 27    XL:     10   Next: 49%
Magic:  13/26      EV: 17    Int: 28    God:    Cheibriados [******]
Gold:   288        SH:  0    Dex: 31    Spells: 8 memorised, 2 levels left

rFire  . . .     SeeInvis +       - Unarmed
rCold  + + +     Clarity  .     (armour unavailable)
rNeg   . . .     SustAb   .     (shield currently unavailable)
rPois  +         Gourm    .     (helmet currently unavailable)
rElec  .         Spirit   .     (cloak currently unavailable)
rCorr  .         Warding  .     i - melded +2 pair of gloves
rMut   .         Stasis   .     (boots currently unavailable)
MR     +....                    G - amulet of regeneration
Stlth  ++........               D - ring of see invisible
                                q - ring of protection from fire

@: about to teleport, ice-form, very slow, somewhat resistant to hostile
enchantments, unstealthy
A: (breathe power), unfitting armour, (cold-blooded), AC +7
a: End Transformation, Bend Time, Temporal Distortion, Slouch, Step From Time,
Renounce Religion


You were on level 1 of the Abyss.
You worshipped Cheibriados.
Cheibriados was exalted by your worship.
You were hungry.
You were a creature of crystalline ice.
You visited 2 branches of the dungeon, and saw 11 of its levels.
You visited the Abyss 1 time.

You collected 568 gold pieces.
You spent 280 gold pieces at shops.

Inventory:

Hand weapons
 l - a +0 spear
 n - a +1 dagger of electrocution
Missiles
 b - 12 arrows
Armour
 i - a +2 pair of gloves (melded)
 F - a +0 shield
Magical staves
 C - an uncursed staff of air
Jewellery
 h - an uncursed ring of ice
 o - an uncursed amulet of clarity
 q - a ring of protection from fire (left front paw)
 r - an uncursed amulet of guardian spirit
 D - a ring of see invisible (right front paw)
 G - an amulet of regeneration (around neck)
Magical devices
 p - a wand of slowing (18)
 u - a wand of disintegration (22)
 x - a wand of digging (11)
 E - a wand of fire (1)
 L - a wand of hasting (4)
 S - a wand of slowing (21)
Scrolls
 m - 4 scrolls of remove curse
 t - 3 scrolls of fear
 y - a scroll of amnesia
 H - 3 scrolls of teleportation
 I - a scroll of fog
 J - 3 scrolls of recharging
 M - a scroll of identify
 N - a scroll of magic mapping
 O - 2 scrolls of blinking
Potions
 e - 5 potions of curing
 f - 3 potions of flight
 j - 2 potions of brilliance
 z - a potion of decay {unknown}
 A - 2 potions of invisibility
 B - a potion of poison {unknown}
 K - a potion of berserk rage {unknown}
 Q - a potion of resistance
 T - a potion of heal wounds {unknown}
Books
 d - a book of Changes

   Spells                             Type                      Level
   a - Beastly Appendage              Transmutation                1
   b - Sticks to Snakes               Transmutation                2
   c - Spider Form                    Transmutation/Poison         3
   d - Ice Form                       Ice/Transmutation            4
   e - Blade Hands                    Transmutation                5
 g - a book of Necromancy

   Spells                             Type                      Level
   a - Pain                           Necromancy                   1
   b - Animate Skeleton               Necromancy                   1
   c - Vampiric Draining              Necromancy                   3
   d - Regeneration                   Charms/Necromancy            3
   e - Animate Dead                   Necromancy                   4
   f - Control Undead                 Necromancy                   4
 w - a book of Maledictions

   Spells                             Type                      Level
   a - Corona                         Hexes                        1
   b - Sure Blade                     Hexes/Charms                 2
   c - Ensorcelled Hibernation        Hexes/Ice                    2
   d - Confuse                        Hexes                        3
   e - Dazzling Spray                 Conjuration/Hexes            3
   f - Enslavement                    Hexes                        4
 R - a book of Spatial Translocations

   Spells                             Type                      Level
   a - Apportation                    Translocation                1
   b - Blink                          Translocation                2
   c - Shroud of Golubria             Charms/Translocation         2
   d - Portal Projectile              Translocation                3
   e - Teleport Other                 Translocation                3
   f - Passage of Golubria            Translocation                4
Miscellaneous
 P - a phantom mirror
Comestibles
 a - 10 bread rations
 c - 9 chunks of flesh
 k - 5 fruits
 s - 4 meat rations
 v - 2 slices of pizza


   Skills:
 + Level 7.6 Fighting
 + Level 6.7 Dodging
 + Level 7.7 Unarmed Combat
 + Level 8.2 Spellcasting
 - Level 7.2 Transmutations
 + Level 2.1 Invocations


You had 2 spell levels left.
You knew the following spells:

 Your Spells              Type           Power        Failure   Level  Hunger
a - Beastly Appendage     Trmt           ######       1%          1    None
b - Blink                 Tloc           N/A          10%         2    None
c - Confuse               Hex            ##......     14%         3    None
d - Ice Form              Ice/Trmt       ####....     12%         4    ##.....
g - Shroud of Golubria    Chrm/Tloc      ##........   10%         2    None
h - Blade Hands           Trmt           ######....   10%         5    ####...
r - Regeneration          Chrm/Necr      ##........   14%         3    None
s - Spider Form           Trmt/Pois      ####......   3%          3    None


Dungeon Overview and Level Annotations

Branches:
Dungeon (10/15)            Temple (1/1) D:7            Lair (0/8) D:10
    Orc: D:9-12

Altars:
Ashenzari
Cheibriados
Dithmenos
Elyvilon
Fedhas
Gozag
Kikubaaqudgha
Makhleb
Nemelex Xobeh
Okawaru
Qazlal
Ru
Sif Muna
Trog
Vehumet
Xom
Yredelemnul
Zin
The Shining One
Lugonu

Shops:
D:7 ?(?*

Annotations:
D:6 Edmund
D:10 Psyche


Innate Abilities, Weirdness & Mutations

((You can breathe bolts of energy.))
((You can dispel enchantments when you breathe energy.))
((Your rich purple scales are hard (AC +7).))
Your body does not fit into most forms of armour.
((Your cold-blooded metabolism reacts poorly to cold.))


Message History

The living lightning misses you.
The raiju blinks!
You punch the raiju! You freeze the raiju.
The raiju is moderately wounded.
The raiju barely misses you.
You punch the raiju! You freeze the raiju.
The raiju is severely wounded.
The raiju bites you. The raiju shocks you!
You hit the raiju but do no damage.
The raiju is severely wounded.
The raiju bursts into living lightning!
The living lightning hits you!
* * * LOW HITPOINT WARNING * * *
The living lightning misses the raiju.
The raiju blinks!
The raiju bites you.
* * * LOW HITPOINT WARNING * * *
The raiju shocks you!
* * * LOW HITPOINT WARNING * * *
The raiju bites you!
* * * LOW HITPOINT WARNING * * *
The raiju shocks you!
You die...

. # .... ...#
... ...## ...
...... .. .....
#. ..ยง. .#..#
.## #...# .
#... ##Y#
....>. ###hh#
##. .....
#hh... ..# #.
..##...#....#
#.#..#....#.#..
#.....####.## .
#.#..##.#..# .
#.......#.# ##
##. .#.###


You could see 4 raiju.

Vanquished Creatures
  A hill giant (D:10)
  An unseen horror (D:10)
  A fire drake (D:10)
  A troll (D:10)
  Grinder (D:6)
  A deep elf mage (D:10)
  A spriggan (D:10)
  2 hippogriffs (D:8)
  A water moccasin (D:10)
  A necrophage (D:8)
  A black bear (D:9)
  4 ogres
  A sky beast (D:7)
  2 phantoms
  A big kobold (D:9)
  7 giant frogs
  Sigmund (D:6)
  Duvessa (D:8)
  Blork the orc (D:8)
  A gnoll sergeant (D:7)
  3 scorpions
  A wyvern skeleton (D:4)
  5 wights (D:9)
  3 killer bees (D:9)
  Dowan (D:8)
  2 crimson imps (D:5)
  A giant frog zombie (D:10)
  4 jellies
  A goliath beetle (D:6)
  6 hounds
  4 orc priests
  A centaur skeleton (D:9)
  A centaur zombie (D:8)
  An iguana (D:8)
  7 worker ants
  9 orc wizards
  A killer bee zombie (D:7)
  Jessica (D:2)
  A mummy (D:9)
  Robin (D:2)
  9 gnolls
  A worker ant zombie (D:9)
  5 adders
  2 shadow imps
  2 worms
  3 adder skeletons (D:9)
  An adder zombie (D:7)
  7 giant geckos
  An ooze (D:2)
  43 orcs
  5 giant cockroaches
  19 goblins
  14 hobgoblins
  10 jackals
  A ball python skeleton (D:5)
  17 bats
  A giant gecko zombie (D:8)
  4 giant newts
  A jackal skeleton (D:7)
  15 kobolds
  4 quokkas
  27 rats
277 creatures vanquished.

Notes
Turn   | Place    | Note
--------------------------------------------------------------
     0 | D:1      | Miyamura, the Draconian Transmuter, began the quest for the Orb.
     0 | D:1      | Reached XP level 1. HP: 16/16 MP: 3/3
   162 | D:1      | Reached XP level 2. HP: 20/23 MP: 2/4
   825 | D:2      | Noticed Robin
  1400 | D:1      | Reached XP level 3. HP: 26/28 MP: 3/6
  1458 | D:1      | Learned a level 3 spell: Spider Form
  1476 | D:2      | Killed Robin
  1640 | D:2      | Found a glowing golden altar of the Shining One.
  1940 | D:2      | Found a white marble altar of Elyvilon.
  1992 | D:2      | Noticed Jessica
  2001 | D:2      | Found a glowing silver altar of Zin.
  2079 | D:2      | Killed Jessica
  2079 | D:2      | Reached XP level 4. HP: 36/36 MP: 1/8
  2495 | D:3      | Found a blossoming altar of Fedhas.
  2596 | D:3      | Found a sacrificial altar of Ru.
  2766 | D:3      | Found a sparkling altar of Nemelex Xobeh.
  2781 | D:3      | Upgraded the game from 0.16-a0-3691-gf72e470 to 0.16-a0-3695-ga3e2ed8
  2998 | D:3      | Found a snail-covered altar of Cheibriados.
  3069 | D:3      | Became a worshipper of Cheibriados the Contemplative
  3137 | D:4      | Got a pitted spear
  3138 | D:4      | Identified the cursed -2 spear "Reseqam" {elec, rC+ rN- Str-3} (You found it on level 4 of the Dungeon)
  3198 | D:4      | Reached XP level 5. HP: 2/41 MP: 0/11
  3850 | D:4      | Reached skill level 4 in Unarmed Combat
  4022 | D:4      | Reached XP level 6. HP: 47/50 MP: 13/13
  4556 | D:4      | Learned a level 4 spell: Ice Form
  5141 | D:5      | Entered Level 5 of the Dungeon
  5390 | D:5      | Your scales start taking on a rich purple colour.
  5390 | D:5      | Reached XP level 7. HP: 7/57 MP: 14/17
  5801 | D:5      | Learned a level 3 spell: Confuse
  6632 | D:6      | Acquired Cheibriados' first power
  6673 | D:6      | Found a shattered altar of Ashenzari.
  6820 | D:6      | Reached skill level 5 in Unarmed Combat
  6820 | D:6      | Reached skill level 5 in Spellcasting
  6901 | D:6      | Noticed Grinder
  6902 | D:6      | Noticed Edmund
  6902 | D:6      | Noticed Sigmund
  6929 | D:6      | Killed Grinder
  6929 | D:6      | Reached XP level 8. HP: 60/67 MP: 17/20
  6967 | D:6      | Killed Sigmund
  7120 | D:6      | Found a radiant altar of Vehumet.
  7249 | D:6      | Reached skill level 5 in Transmutations
  7816 | D:8      | Acquired Cheibriados' second power
  7838 | D:8      | Noticed Blork the orc
  7848 | D:8      | Killed Blork the orc
  7889 | D:8      | Reached skill level 5 in Fighting
  7922 | D:8      | Reached skill level 6 in Spellcasting
  8024 | D:8      | Found a basalt altar of Yredelemnul.
  8027 | D:8      | Found a deep blue altar of Sif Muna.
  8030 | D:8      | Found a stormy altar of Qazlal.
  8054 | D:8      | Noticed Duvessa
  8054 | D:8      | Noticed Dowan
  8059 | D:8      | Reached skill level 5 in Dodging
  8066 | D:8      | Killed Duvessa
  8070 | D:8      | Killed Dowan
  8070 | D:8      | Reached XP level 9. HP: 42/74 MP: 21/23
  8698 | D:7      | Found Blaagul's Antique Weapon Shoppe.
  8770 | D:7      | Acquired Cheibriados' third power
  9107 | D:7      | Found Meluca's Magic Scroll Boutique.
  9110 | D:7      | Bought a scroll of teleportation for 42 gold pieces
  9110 | D:7      | Bought a scroll of fog for 28 gold pieces
  9110 | D:7      | Bought a scroll of recharging for 133 gold pieces
  9110 | D:7      | Bought a scroll of identify for 28 gold pieces
  9290 | D:7      | Found a staircase to the Ecumenical Temple.
  9339 | Temple   | Entered the Ecumenical Temple
  9562 | D:7      | HP: 4/90 [electric eel/bolt of electricity (4)]
  9860 | D:7      | Reached skill level 7 in Spellcasting
  9866 | D:7      | Found Pruchuch's Assorted Antiques.
  9918 | D:7      | Found Hyf Tujely's Magic Scroll Shoppe.
  9924 | D:7      | Bought a scroll of magic mapping for 49 gold pieces
 10161 | D:9      | Learned a level 5 spell: Blade Hands
 10519 | D:9      | Learned a level 3 spell: Regeneration
 11479 | D:10     | Entered Level 10 of the Dungeon
 11538 | D:10     | Found a staircase to the Lair.
 11539 | D:10     | Noticed a fire drake
 11542 | D:10     | Killed a fire drake
 11542 | D:10     | Reached XP level 10. HP: 77/84 MP: 19/25
 11566 | D:10     | Noticed an unseen horror
 11572 | D:10     | Killed an unseen horror
 11774 | D:10     | Learned a level 2 spell: Blink
 11777 | D:10     | Learned a level 2 spell: Shroud of Golubria
 11923 | D:10     | Noticed a hill giant
 11932 | D:10     | Killed a hill giant
 11932 | D:10     | Reached skill level 8 in Spellcasting
 11932 | D:10     | Reached skill level 1 in Invocations
 11953 | D:10     | Noticed Psyche
 11958 | D:10     | Cast into the Abyss (Psyche)
 11993 | Abyss:1  | HP: 5/105 [raiju (8)]
 11993 | Abyss:1  | Slain by a raiju

Action                   |  1- 3 |  4- 6 |  7- 9 | 10-12 || total
-------------------------+-------+-------+-------+-------++-------
Melee: Unarmed           |   161 |   199 |   472 |    39 ||   871
 Cast: Beastly Appendage |    17 |       |       |       ||    17
       Spider Form       |     6 |    23 |    24 |       ||    53
       Ice Form          |       |       |     8 |     3 ||    11
       Blade Hands       |       |       |     5 |     1 ||     6
       Regeneration      |       |       |       |     3 ||     3
       Blink             |       |       |       |     1 ||     1
       Shroud of Golubri |       |       |       |     1 ||     1
 Abil: End Transformatio |       |       |     2 |       ||     2
  Use: Scroll            |     8 |     6 |    12 |     1 ||    27
       Potion            |       |       |     2 |       ||     2
 Stab: Sleeping          |       |     2 |     8 |     2 ||    12
       Distracted        |       |       |     3 |     1 ||     4
  Eat: Chunk             |     5 |    11 |    18 |     1 ||    35
       Beef jerky        |       |     1 |       |       ||     1
